 Dungeon Crawl Stone Soup version 0.28-a0-381-g937acc2988 (webtiles) character file.

Game seed: 14928512615784692572

1578 robertstho the Magician (level 9, -2/62 HPs)
             Began as a Djinni Fire Elementalist on Sept 1, 2021.
             Slain by a gnoll sergeant (5 damage)
             ... on level 6 of the Dungeon.
             The game lasted 00:08:25 (6606 turns).

robertstho the Magician (Djinni Fire Elementalist)  Turns: 6606, Time: 00:08:26

Health: -2/62      AC:  5    Str:  7    XL:     9   Next: 14%
Gold:   237        EV: 16    Int: 20    God:
                   SH:  5    Dex: 14

rFire   + + .      SeeInvis .   m - +2 short sword (venom)
rCold   x . .      Faith    .   (no shield)
rNeg    . . .      Spirit   .   a - +0 robe
rPois   ∞          Reflect  +   t - +0 helmet
rElec   .          Harm     .   b - +1 cloak
rCorr   .          Rampage  .   (no gloves)
Will    .....                   (boots unavailable)
Stlth   ++........              i - amulet of reflection
HPRegen 0.20/turn               g - +4 ring of evasion
MPRegen 0.00/turn               (no ring)

@: mighty, flying, studying Crossbows
A: sickness immunity, fire resistance 2, cold vulnerability 1, float, innate
caster, hp casting, extra vitality 1
a: no special abilities


You were on level 6 of the Dungeon.
You visited 1 branch of the dungeon, and saw 6 of its levels.

You collected 237 gold pieces.

Inventory:

Hand Weapons
 c - a +0 dagger
 m - a +2 short sword of venom (weapon)
Armour
 a - a +0 robe (worn)
 b - a +1 cloak (worn)
 t - a +0 helmet (worn)
Jewellery
 g - a +4 ring of evasion (left hand)
 i - an amulet of reflection (around neck)
Wands
 v - a wand of digging (4)
Scrolls
 n - a scroll of immolation
 r - a scroll of enchant weapon
Potions
 d - a potion of magic {unknown}
 e - a potion of haste {unknown}
 h - 2 potions of degeneration {unknown}
 j - a potion of cancellation {unknown}
 k - 2 potions of curing {unknown}
 l - a potion of heal wounds {unknown}
 o - a potion of might
 q - a potion of mutation {unknown}
 s - a potion of flight
 u - a potion of invisibility {unknown}


   Skills:
 * Level 3.7 Fighting
 + Level 2.7 Dodging
 + Level 2.2 Stealth
 + Level 0.3 Shields
 * Level 7.9 Spellcasting


You couldn't memorise any spells.
You knew the following spells:

 Your Spells              Type           Power      Damage    Failure   Level
a - Foxfire               Conj/Fire      100%       2x1d9     1%          1
b - Conjure Flame         Conj/Fire      39%        6-21      1%          3
c - Inner Flame           Hex/Fire       39%        N/A       1%          3
d - Sticky Flame          Conj/Fire      39%        2d6       3%          4
e - Fireball              Conj/Fire      19%        3d9       9%          5
f - Apportation           Tloc           78%        N/A       1%          1
g - Call Imp              Summ           39%        N/A       1%          2
h - Ignite Poison         Fire/Tmut/Pois 39%        N/A       1%          3
i - Summon Ice Beast      Ice/Summ       39%        N/A       3%          4
Your spell library was empty.

Dungeon Overview and Level Annotations

Branches:
Dungeon (6/15)             Temple (0/1) D:6

Altars:
Ashenzari
Makhleb

Shops:
D:6 =


Innate Abilities, Weirdness & Mutations

You are immune to sickness and miasma.
You are immune to poison.
Your flesh is very heat resistant. (rF++)
You are vulnerable to cold. (rC-)
You float through the air rather than walking.
You learn spells naturally, not from books.
Your magical power is your life essence.
You have superior vitality. (+4 HP)


Message History

The scorpion misses you.
Unknown command.
Casting: Sticky Flame (dangerous; 3% risk of failure)
Confirm with . or Enter, or press ? or * to list all spells.
Aiming: Sticky Flame (dangerous; 3% risk of failure)
Press: ? - help, Shift-Dir - straight line, f - scorpion
Aim: a scorpion (100% to hit)
The sticky flame hits the scorpion.
The scorpion is lightly wounded.
The scorpion is covered in liquid flames!
* * * LOW HITPOINT WARNING * * *
The scorpion burns!
The scorpion stings you!
* * * LOW HITPOINT WARNING * * *
The scorpion stings you but does no damage.
Unknown command.
Your surroundings suddenly seem different. 3 gnolls and a gnoll sergeant come into view.
The gnoll sergeant is wielding a +2 spear of flaming.
Found 25 sling bullets.
Found a stone staircase leading down.
The gnoll shouts! x2; You hear a shout!
A gnoll comes into view. It is wielding a +0 flail.
A gnoll comes into view. It is wielding a +0 whip.
The gnoll sergeant shouts!
You feel a bit more experienced.
Found a brown potion.
Okay, then.
It was a potion of flight.
You feel more buoyant. The bullfrog zombie misses you.
It was a potion of might.
You feel very mighty all of a sudden. The bullfrog zombie barely misses you.
Found 9 gold pieces.
The bullfrog zombie hits you.
* * * LOW HITPOINT WARNING * * *
An ufetubus comes into view.
You block the gnoll sergeant's attack. The gnoll closely misses you.
The gnoll shouts!
The gnoll sergeant hits you from afar with a +2 spear of flaming.
You die...

.................#
..........(......#
.................#
.................#
........z........#
...g.........gZ..#
g..........g.g.g.#
.....g.......#
..........@.#
..5........#
.!........#
$........#
.........#
.........#
.........#
.........#


You could see a gnoll sergeant, a wight (wandering), 4 gnolls, an ufetubus
(wandering) and a bullfrog zombie.

Vanquished Creatures
  Grinder (D:3)
  A necrophage (D:5)
  A sky beast (D:5)
  3 ogres (D:5)
  2 bullfrogs
  A scorpion (D:6)
  A water moccasin skeleton (D:4)
  5 killer bees (D:5)
  2 wights (D:6)
  A howler monkey (D:5)
  A jelly (D:4)
  An orc priest (D:4)
  A bullfrog skeleton (D:5)
  An orc wizard (D:6)
  An iguana (D:5)
  A killer bee zombie (D:5)
  A hound zombie (D:5)
  8 adders
  2 ufetubi (D:5)
  6 worms
  4 dart slugs
  11 orcs
  5 bats
  8 endoplasms
  2 giant cockroaches
  2 goblins
  9 hobgoblins
  4 quokkas
  10 ball pythons
  5 frilled lizards
  9 kobolds
  5 rats
115 creatures vanquished.

Vanquished Creatures (collateral kills)
  6 foxfires (D:5)
6 creatures vanquished.

Vanquished Creatures (others)
  609 foxfires
609 creatures vanquished.

Grand Total: 730 creatures vanquished

Notes
Turn   | Place    | Note
-------+----------+-------------------------------------------
     0 | D:1      | robertstho the Djinni Fire Elementalist began the quest for
                  | the Orb.
     0 | D:1      | Reached XP level 1. HP: 15/15 MP: 0/0
   285 | D:1      | Reached XP level 2. HP: 17/21 MP: 0/0
   877 | D:1      | Reached skill level 3 in Spellcasting
  1004 | D:1      | You are sucked into a shaft and drop 1 floor!
  1014 | D:2      | Reached XP level 3. HP: 18/26 MP: 0/0
  1014 | D:2      | Learned a level 1 spell: Apportation
  2072 | D:2      | Reached XP level 4. HP: 28/31 MP: 0/0
  2426 | D:2      | Reached skill level 1 in Fighting
  2545 | D:2      | Found a faded altar of an unknown god.
  2977 | D:3      | Noticed a bullfrog
  2987 | D:3      | Killed a bullfrog
  2988 | D:3      | Reached skill level 4 in Spellcasting
  2988 | D:3      | Reached XP level 5. HP: 31/37 MP: 0/0
  2988 | D:3      | Learned a level 2 spell: Call Imp
  4056 | D:3      | Found a burning altar of Makhleb.
  4059 | D:3      | Noticed Grinder
  4071 | D:3      | Killed Grinder
  4072 | D:3      | Reached skill level 5 in Spellcasting
  4072 | D:3      | Reached XP level 6. HP: 24/43 MP: 0/0
  4072 | D:3      | Reached XP level 7. HP: 27/48 MP: 0/0
  4072 | D:3      | Learned a level 3 spell: Ignite Poison
  5406 | D:5      | Entered Level 5 of the Dungeon
  5459 | D:5      | Reached skill level 6 in Spellcasting
  5464 | D:5      | Reached XP level 8. HP: 22/56 MP: 0/0
  5939 | D:5      | Reached skill level 7 in Spellcasting
  6058 | D:5      | Found a broken altar of Ashenzari.
  6396 | D:6      | Found Foucur's Jewellery Shop.
  6416 | D:6      | Found a staircase to the Ecumenical Temple.
  6425 | D:6      | Reached XP level 9. HP: 54/61 MP: 0/0
  6425 | D:6      | Learned a level 4 spell: Summon Ice Beast
  6604 | D:6      | HP: 2/62 [bullfrog zombie (5)]
  6606 | D:6      | Slain by a gnoll sergeant

Illustrated notes

Levels and vault maps discovered:
D:1:      co_arrival_random_square_maze, layout_rooms
D:2:      minmay_chambers_of_twos, layout_basic, ebering_ecumenical_altar_hall,
          chequers_jeans
D:3:      layout_loops_corners, lightli_temple_of_fire, st_stairs_12,
          grunt_ministairs_1, uniq_grinder
D:4:      cheibrodos_helix_gallery, layout_basic, minmay_misc_feat_enclosed,
          solitary_fountain, minmay_manual_monstrance
D:5:      layout_cave_pools, serial_park, serial_park_tiny_1,
          serial_park_tiny_1, serial_park_square2, serial_park_tiny_pond,
          serial_park_square3 [serial_park_minivault_5x5_4]
D:6:      lemuel_ratsnest, layout_basic, mainiacjoe_overflow_small_starburst,
          minmay_temple_entry_arrows, serial_shops, shop, minmay_manual_mess

Skill      XL: |  1  2  3  4  5  6  7  8 |
---------------+-------------------------+-----
Spellcasting   | 3 4 5 6 7 |  7.9
Fighting       | 1 3 |  3.7
Stealth        | 2 |  2.2
Dodging        | |  2.7
Shields        | |  0.3

Action                   |  1- 3 |  4- 6 |  7- 9 || total
-------------------------+-------+-------+-------++-------
Melee: Dagger            |     5 |       |       ||     5
       Short sword       |       |     1 |       ||     1
 Cast: Foxfire           |    96 |   103 |   182 ||   381
       Sticky Flame      |       |     1 |     7 ||     8
  Use: Scroll            |       |     3 |     4 ||     7
       Potion            |       |       |     2 ||     2
Armor: Robe              |    10 |     7 |     5 ||    22
Dodge: Dodged            |    23 |    13 |    27 ||    63
Block: Other             |       |     1 |     7 ||     8

Table legend: (Time is in decaauts)
 A = Elapsed time spent in this place.
 B = Non-inter-level travel time spent in this place.
 C = Inter-level travel time spent in this place.
 D = Time resting spent in this place.
 E = Time spent auto-exploring this place.
 F = Levels seen in this place.
 G = Mean time per level.
                   A        B        C        D        E       F      G
               +--------+--------+--------+--------+--------+-----+--------+
         Total |   6603 |   6537 |     66 |      5 |   5663 |   6 | 1100.5 |
       Dungeon |   6603 |   6537 |     66 |      5 |   5663 |   6 | 1100.5 |
               +--------+--------+--------+--------+--------+-----+--------+

Top non-repeatable levels by time:
     D:3: 1704 daAuts
     D:2: 1701 daAuts
     D:1: 1003 daAuts
     D:4: 993 daAuts
     D:5: 979 daAuts
     D:6: 219 daAuts
